AoeStats
← Ashen One

Arabian Desert

513497133Analyzed
1v1 RM · 5d ago on Oct 13, 2026· 59m 55s· 2 players
Game mode
Random Map
Map size
Tiny (2 player)
Population
200
Speed
Normal
Resources
Standard
Victory
Conquest
Starting age
Dark Age
Ending age
Imperial Age
RankedLock teamsTeams togetherTeam positionsShared explorationLock speedFull tech treeHidden civsTurbo modeCheats
Victory
Defeat
🇷🇺 Japanese · Russia
1192
+16
vs
🇺🇸 Jurchens · United States
1202
-16
Ashen One
6:26 Loom
9:43 Feudal Age
10:26 Double-Bit Axe
13:25 Horse Collar
15:11 Wheelbarrow
20:43 Castle Age
19:25 Town Watch
20:05 Fletching
20:15 Padded Archer Armor
22:01 Bow Saw
26:28 Gold Mining
26:59 Bodkin Arrow
30:53 Stone Mining
31:52 Bloodlines
33:32 Scale Barding Armor
33:59 Leather Archer Armor
37:01 Hand Cart
37:27 Ballistics
42:01 Imperial Age
39:45 Heavy Plow
39:54 Yasama
40:48 Husbandry
42:38 Gold Shaft Mining
44:08 Chemistry
43:40 Bracer
43:46 Guard Tower
43:41 Arrowslits
43:56 Murder Holes
43:44 Treadmill Crane
45:40 Ring Archer Armor
46:11 Keep
45:37 Murder Holes
46:17 Scale Mail Armor
46:28 Forging
46:42 Heavy Cavalry Archer
47:55 Parthian Tactics
47:48 Thumb Ring
47:23 Pikeman
47:49 Gambesons
48:05 Halberdier
48:46 Squires
50:12 Chain Mail Armor
51:47 Plate Mail Armor
51:53 Iron Casting
54:05 Conscription
59:08 Capped Ram
Quilted Codpiece
6:17 Loom
8:54 Feudal Age
10:01 Double-Bit Axe
19:21 Castle Age
17:45 Padded Archer Armor
17:30 Horse Collar
19:47 Gold Mining
22:49 Leather Archer Armor
32:35 Wheelbarrow
34:46 Bloodlines
34:37 Husbandry
35:27 Scale Barding Armor
37:09 Heavy Plow
37:21 Bow Saw
39:20 Forging
39:31 Chain Barding Armor
40:14 Hand Cart
39:44 Town Watch
44:10 Imperial Age
42:33 Iron Casting
42:22 Stone Mining
43:13 Gold Shaft Mining
44:45 Fortified Bastions
45:33 Plate Barding Armor
45:59 Blast Furnace
45:31 Conscription
45:42 Thunderclap Bombs
47:18 Two-Man Saw
46:19 Fletching
47:14 Elite Steppe Lancer
50:10 Heavy Rocket Cart
51:45 Heavy Scorpion
56:28 Siege Engineers
57:53 Chemistry
57:06 Elite Skirmisher
57:46 Bodkin Arrow
Connection lost

Rejoining the realm…

Still unreachable

The connection could not be restored.

Session expired

The server has moved on; the page needs a fresh start.